 Dungeon Crawl Stone Soup version 0.19.1 (webtiles) character file.

84 empire the Chopper (level 4, -9/41 HPs)
             Began as a Minotaur Monk on Dec 12, 2016.
             Mangled by Grinder (15 damage)
             ... while paralysed by Grinder
             ... on level 3 of the Dungeon.
             The game lasted 00:04:49 (1995 turns).

empire the Chopper (Minotaur Monk)                  Turns: 1995, Time: 00:04:50

Health: -9/41      AC:  3    Str: 16    XL:     4   Next: 24%
Magic:  3/3        EV:  2    Int:  7    God:
Gold:   133        SH:  0    Dex: 13    Spells: 0 memorised, 3 levels left

rFire  . . .     SeeInvis .     a - +1 hand axe
rCold  . . .     Gourm    .     b - +1 robe
rNeg   . . .     Faith    .     (no shield)
rPois  .         Spirit   .     (helmet restricted)
rElec  .         Reflect  .     (no cloak)
rCorr  .         Harm     .     (no gloves)
MR     .....                    (no boots)
Stlth  ++........               (no amulet)
                                (no ring)
                                (no ring)

@: paralysed
A: retaliatory headbutt, horns 2
a: no special abilities


You were on level 3 of the Dungeon.
You were very hungry.

You visited 1 branch of the dungeon, and saw 3 of its levels.

You collected 133 gold pieces.

Inventory:

Hand Weapons
 a - a +1 hand axe (weapon)
Missiles
 e - 47 arrows
Armour
 b - a +1 robe (worn)
Magical Staves
 o - an uncursed staff of power {unknown}
Jewellery
 h - an uncursed ring of ice {unknown}
 j - an uncursed ring of protection from magic {unknown}
 m - a cursed -3 ring of evasion {unknown}
 q - an uncursed amulet of guardian spirit {unknown}
Wands
 k - a wand of slowing (37/48)
Scrolls
 g - a scroll of remove curse
 l - a scroll of teleportation
Potions
 f - 2 potions of degeneration {unknown}
 i - a potion of haste {unknown}
 n - a potion of agility {unknown}
Comestibles
 c - 3 bread rations
 d - 2 fruits


   Skills:
 + Level 4.3 Fighting
 + Level 4.5 Axes
 + Level 2.3 Armour
 + Level 3.7 Dodging
 - Level 1.5 Stealth


You had 3 spell levels left.
You didn't know any spells.

Dungeon Overview and Level Annotations

Branches:
Dungeon (3/15)

Altars:
Okawaru

Annotations:
D:3 Grinder


Innate Abilities, Weirdness & Mutations

You reflexively headbutt those who attack you in melee.
You have a pair of horns on your head.


Message History

Grinder hits you.
You writhe in agony.
Grinder gestures at you.
You shrug off the repeated paralysis!
You can move again.
Press: ? - help, v - describe, . - travel
Here: Grinder (unusually strong)
The floor.
Grinder blinks!
Grinder hits you.
You writhe in agony.
Grinder hits you.
You writhe in agony.
* * * LOW HITPOINT WARNING * * *
Grinder gestures at you.
You suddenly lose the ability to move!
Grinder hits you.
* * * LOW HITPOINT WARNING * * *
You writhe in agony.
* * * LOW HITPOINT WARNING * * *
Grinder barely misses you. Grinder hits you!
You die...

#...##.### ##.#...#
...#......#######.#..#.#
#.....#.#.......[###.#.#
#.###.#.##.###.##.#.##.#
.. ..........#.###.###.#
##.#.##.#.#.# #.# #.#
#.#.###...## #.###.## .
..# ##.## #.##...#####
## ## #@# #.##...#.≈≈≈
#5# #.......≈P≈. #r#
#.......♣≈♣≈
######.#####........###
#............##....##
####.####.#####.##....#
......................#
####.####.#####.<######
..# #..#


You could see Grinder and a rat.

Vanquished Creatures
  2 adders (D:2)
  A gnoll (D:2)
  An ooze (D:2)
  2 worms (D:2)
  A dart slug (D:2)
  A leopard gecko (D:1)
  3 orcs (D:2)
  4 bats (D:1)
  4 hobgoblins
  7 jackals
  2 kobolds (D:2)
  A quokka (D:2)
  5 frilled lizards
  2 goblins
  5 rats
41 creatures vanquished.

Notes
Turn   | Place    | Note
-------+----------+-------------------------------------------
     0 | D:1      | empire the Minotaur Monk began the quest for the Orb.
     0 | D:1      | Reached XP level 1. HP: 19/19 MP: 0/0
   438 | D:1      | Reached XP level 2. HP: 27/27 MP: 1/1
   452 | D:1      | Reached skill level 1 in Armour
   971 | D:2      | Reached XP level 3. HP: 22/33 MP: 2/2
  1239 | D:2      | Found an iron altar of Okawaru.
  1374 | D:2      | You fall through a shaft!
  1378 | D:3      | Reached XP level 4. HP: 41/41 MP: 3/3
  1974 | D:3      | Noticed Grinder
  1978 | D:3      | Paralysed by Grinder for 7 turns
  1991 | D:3      | Paralysed by Grinder for 6 turns
  1995 | D:3      | Mangled by Grinder

Skill      XL: |  1  2  3 |
---------------+----------+-----
Armour         | 1 2 |  2.3
Fighting       | 4 |  4.3
Axes           | 4 |  4.5
Dodging        | |  3.7
Stealth        | |  1.5

Action                   |  1- 3 |  4- 6 || total
-------------------------+-------+-------++-------
Melee: Hand axe          |    69 |    17 ||    86
       Headbutt          |     9 |     3 ||    12
  Use: Potion            |     1 |       ||     1
       Scroll            |     2 |     3 ||     5
 Stab: Sleeping          |     2 |     2 ||     4
  Eat: Chunk             |     1 |     1 ||     2
Armor: Robe              |    11 |     5 ||    16
Dodge: Dodged            |    64 |    13 ||    77
